AoeStats
← Gkelia

Coastal Forest

503255669Analyzed
2v2 RM · 2mo ago on Aug 30, 2026· 19m 22s· 4 players
Game mode
Random Map
Map size
Medium (4 player)
Population
200
Speed
Normal
Resources
Standard
Victory
Conquest
Starting age
Dark Age
Ending age
Imperial Age
RankedLock teamsTeams togetherTeam positionsShared explorationLock speedFull tech treeHidden civsTurbo modeCheats
Victory
Defeat
🇬🇷 Spanish · Greece
1032
+16
988
+18
vs
🇪🇸 Celts · Spain
1041
-17
🇪🇸 Bulgarians · Spain
1040
-17
ΝΑΥ/ΧΟΣ ΛΥΜΠΕΡΗΣ
5:09 Loom
10:56 Feudal Age
11:44 Man-at-Arms
13:10 Double-Bit Axe
13:49 Horse Collar
Gkelia
6:14 Loom
9:13 Feudal Age
16:05 Castle Age
14:23 Double-Bit Axe
15:14 Horse Collar
16:34 Town Watch
17:05 Bow Saw
Lirikko
14:19 Feudal Age
19:16 Castle Age
18:12 Horse Collar
18:20 Double-Bit Axe
Meneiyo
0:29 Loom
10:02 Feudal Age
17:11 Castle Age
15:50 Double-Bit Axe
16:00 Horse Collar
19:19 Stone Mining
Connection lost

Rejoining the realm…

Still unreachable

The connection could not be restored.

Session expired

The server has moved on; the page needs a fresh start.